 Dungeon Crawl Stone Soup version 0.24-a0-585-g5c5dc1b5cb (webtiles) character file.

Game seed: 15223438071645350019, levelgen mode: deterministic

75 Mithandil the Conjurer (level 4, -2/24 HPs)
             Began as a Tengu Conjurer on Sept 7, 2019.
             Slain by a worm (11 damage)
             ... on level 2 of the Dungeon.
             The game lasted 00:10:27 (1588 turns).

Mithandil the Conjurer (Tengu Conjurer)             Turns: 1588, Time: 00:10:27

Health: -2/24      AC:  6    Str: 12    XL:     4   Next: 31%
Magic:  1/9        EV: 11    Int: 16    God:
Gold:   110        SH:  3    Dex: 15    Spells: 7/8 levels left

rFire    + . .     SeeInvis .   a - +0 dagger
rCold    . . .     Gourm    .   b - +0 buckler
rNeg     . . .     Faith    .   f - +0 ring mail
rPois    .         Spirit   .   (helmet restricted)
rElec    .         Reflect  .   k - +0 cloak
rCorr    .         Harm     .   (no gloves)
MR       .....                  (boots unavailable)
Stlth    +.........             (no amulet)
HPRegen  0.08/turn              d - ring of protection from fire
MPRegen  0.11/turn              (no ring)

@: very slightly contaminated
A: beak, talons 3, strong 2, evolution 1
a: no special abilities


You were on level 2 of the Dungeon.
You were not hungry.

You visited 1 branch of the dungeon, and saw 3 of its levels.

You collected 110 gold pieces.

Inventory:

Hand Weapons
 a - a +0 dagger (weapon)
 p - a +0 spear
Missiles
 h - 21 stones (quivered)
 q - 48 bolts
Armour
 b - a +0 buckler (worn)
 f - a +0 ring mail (worn)
 k - a +0 cloak (worn)
Jewellery
 d - a ring of protection from fire (left hand)
Scrolls
 e - a scroll of teleportation {unknown}
 g - a scroll of remove curse
 i - a scroll of fog
 j - a scroll of amnesia {unknown}
 l - a scroll of enchant weapon {unknown}
 m - 2 scrolls of identify
Potions
 n - 2 potions of curing
Comestibles
 c - 6 rations
 o - 2 chunks of flesh


   Skills:
 - Level 0.1 Fighting
 * Level 1.1 Short Blades
 + Level 2.8 Dodging
 + Level 2.4 Stealth
 * Level 0.1 Shields
 * Level 2.8 Spellcasting
 * Level 5.9 Conjurations


You had 7 spell levels left.
You knew the following spells:

 Your Spells              Type           Power        Failure   Level  Hunger
a - Magic Dart            Conj           ###.         6%          1    #......

Your spell library contained the following spells:

 Spells                   Type           Power        Failure   Level  Hunger
 Searing Ray              Conj           ###...       10%         2    ##.....
 Dazzling Spray           Conj/Hex       ##....       54%         3    ###....
 Iskenderun's Mystic Bla  Conj           ###.....     54%         4    #####..
 Force Lance              Conj/Tloc      ##......     91%         4    #####..
 Fulminant Prism          Conj/Hex       ##........   91%         4    #####..


Dungeon Overview and Level Annotations

Branches:
Dungeon (3/15)

Altars:
Trog
Xom


Innate Abilities, Weirdness & Mutations

You have a beak for a mouth.
You have claws for feet.
Your muscles are very strong. (Str +4)
You evolve.


Message History

Nothing appears to happen.
The moth of wrath goads the worm on!
The worm goes berserk!
Your shield prevents you from hitting the worm.
The worm is lightly wounded.
You block the worm's attack.
You hit the worm.
The worm is moderately wounded.
The worm bites you.
You hit the worm. You claw the worm.
The worm is heavily wounded.
The worm bites you!
Ouch! That really hurt!
The moth of wrath goads the rat on!
The rat goes berserk!
You hit the worm.
The worm is heavily wounded.
You block the worm's attack.
You hit the worm.
The worm is heavily wounded.
The rat bites you but does no damage. x2; The worm bites you!
You die...

###### ###....#
##...##.#
##..####.####
#..##.......##
#.##.....@w..#
#.#......r....#
#.#....###....#
#.#..†##y##...#
########.#....###....#
.........##.........##
#####÷.####.).._....#
##.## ##).)...)##
######..#####


You could see a moth of wrath, a worm (berserk) and a rat (berserk).

Vanquished Creatures
  An adder (D:2)
  2 oozes (D:2)
  A worm (D:2)
  3 dart slugs
  A ball python (D:1)
  10 bats
  A giant cockroach (D:1)
  6 goblins (D:1)
  6 hobgoblins
  2 frilled lizards
  6 kobolds
  10 rats
49 creatures vanquished.

Notes
Turn   | Place    | Note
-------+----------+-------------------------------------------
     0 | D:1      | Mithandil the Tengu Conjurer began the quest for the Orb.
     0 | D:1      | Reached XP level 1. HP: 10/10 MP: 4/4
     3 | D:1      | Noticed an electric eel
     4 | D:1      | Noticed an electric eel
   121 | D:2      | Reached XP level 2. HP: 5/15 MP: 6/6
   252 | D:2      | Reached XP level 3. HP: 11/19 MP: 0/7
   725 | D:1      | Reached skill level 1 in Short Blades
   990 | D:1      | Reached XP level 4. HP: 24/24 MP: 7/9
  1024 | D:1      | Gained mutation: You evolve. [potion of mutation]
  1024 | D:1      | Gained mutation: Your muscles are strong. (Str +2) [potion
                  | of mutation]
  1165 | D:2      | Found a shimmering altar of Xom.
  1257 | D:1      | Gained mutation: Your muscles are very strong. (Str +4)
                  | [evolution]
  1552 | D:2      | Noticed a moth of wrath
  1556 | D:2      | Found a bloodstained altar of Trog.
  1588 | D:2      | Slain by a worm

Levels and vault maps discovered:
D:1:      arrival_aquarium_b, layout_basic, serial_rivers,
          chequers_serial_rivers_marsh, chequers_serial_rivers_small_a,
          chequers_serial_rivers_micro_e, chequers_serial_rivers_marsh,
          chequers_serial_rivers_room_b
D:2:      layout_basic, tgw_trog, xom_teletrap_fun
D:3:      minmay_thinvault, layout_rooms, gammafunk_ghost_icy, bh_walls_and_bars

Skill      XL: |  1  2  3 |
---------------+----------+-----
Short Blades   | 1 |  1.1
Fighting       | |  0.1
Dodging        | |  2.8
Stealth        | |  2.4
Shields        | |  0.1
Spellcasting   | |  2.8
Conjurations   | |  5.9

Action                   |  1- 3 |  4- 6 || total
-------------------------+-------+-------++-------
Melee: Unarmed           |    12 |       ||    12
       Kick              |     6 |     3 ||     9
       Dagger            |    11 |    12 ||    23
       Peck              |     2 |     1 ||     3
 Cast: Magic Dart        |    59 |    21 ||    80
  Use: Scroll            |     3 |       ||     3
       Potion            |     1 |     2 ||     3
 Stab: Sleeping          |     1 |       ||     1
  Eat: Chunk             |     1 |     2 ||     3
Armor: Robe              |    11 |       ||    11
       Ring mail         |     1 |     4 ||     5
Dodge: Dodged            |    28 |     5 ||    33
Block: Buckler           |       |     2 ||     2

Table legend:
 A = Non-vault XP
 B = Vault XP
 C = Vault XP percentage of total XP
 D = Non-vault monster count
 E = Vault monster count
 F = Vault count percentage of total count
                 A         B        C        D         E       F
            +---------+---------+-------+---------+---------+-------
      Total |     101 |       7 |   6.5 |      46 |       3 |   6.1
            +---------+---------+-------+---------+---------+-------
        D:1 |      47 |       0 |   0.0 |      25 |       0 |   0.0
        D:2 |      54 |       7 |  11.5 |      21 |       3 |  12.5
            +---------+---------+-------+---------+---------+-------
